 Dungeon Crawl Stone Soup version 0.31-a0-221-gbddc013574 (webtiles) character file.

Game seed: 7756198709411339446

296 pokeman the Magician (level 6, -2/34 HPs)
             Began as a Deep Elf Hedge Wizard on July 4, 2023.
             Was an Initiate of Vehumet.
             Slain by an orc wizard
             ... wielding a +0 dagger
              (3 damage)
             ... on level 4 of the Dungeon.
             The game lasted 00:07:30 (3730 turns).

pokeman the Magician (Deep Elf Hedge Wizard)        Turns: 3730, Time: 00:07:30

Health: -2/34      AC:  2    Str:  7    XL:     6   Next: 12%
Magic:  2/17       EV: 13    Int: 27    God:    Vehumet [......]
Gold:   150        SH:  0    Dex: 14    Spells: 10/18 levels left

rFire   . . .        s - +4 hand axe
rCold   . . .        (no shield)
rNeg    . . .        b - +0 robe
rPois   .            c - +0 hat
rElec   .            r - scarf {shadows}
rCorr   .            (no gloves)
SInv    .            (no boots)
Will    .....        q - amulet of the acrobat
Stlth   ++           l - +6 ring of intelligence
HPRegen 0.25/turn    (no ring)
MPRegen 0.15/turn

%: acrobat
@: no status effects
A: no striking features
a: Renounce Religion


You were on level 4 of the Dungeon.
You worshipped Vehumet.
Vehumet was noncommittal.
You visited 2 branches of the dungeon, and saw 5 of its levels.

You collected 174 gold pieces.
You spent 24 gold pieces at shops.

Inventory:

Hand Weapons
 s - a +4 hand axe (weapon)
Armour
 b - a +0 robe (worn)
 c - a +0 hat (worn)
 r - a scarf of shadows (worn)
Jewellery
 l - a +6 ring of intelligence (left hand)
 q - an amulet of the acrobat (around neck)
Wands
 m - a wand of flame (21)
Scrolls
 e - 3 scrolls of enchant armour {unknown}
 g - 3 scrolls of identify
 h - 2 scrolls of teleportation {unknown}
 j - a scroll of immolation {unknown}
 k - a scroll of blinking {unknown}
 t - a scroll of amnesia {unknown}
Potions
 a - a potion of heal wounds {unknown}
 d - 3 potions of magic
 f - a potion of lignification {unknown}
 i - a potion of mutation {unknown}
 n - a potion of brilliance {unknown}
 o - a potion of haste {unknown}
 p - a potion of enlightenment {unknown}
 u - 2 potions of curing {unknown}


   Skills:
 + Level 1.0 Fighting
 - Level 1.0 Armour
 - Level 3.0 Dodging
 - Level 3.0 Stealth
 * Level 6.7 Spellcasting
 + Level 3.0 Conjurations
 - Level 1.1 Summonings
 - Level 1.1 Translocations
 + Level 1.2 Air Magic
 - Level 1.1 Poison Magic
 - Level 1.1 Evocations


You had 10 spell levels left.
You knew the following spells:

 Your Spells              Type           Power      Damage    Failure   Level
a - Magic Dart            Conj           100%       1d8       1%          1
b - Mephitic Cloud        Conj/Pois/Air  18%        N/A       9%          3
c - Call Imp              Summ           30%        N/A       6%          2
d - Blink                 Tloc           30%        N/A       6%          2

Your spell library contained the following spells:

 Spells                   Type           Power      Damage    Failure   Level
 Slow                     Hex            36%        N/A       6%          1
 Cigotuvi's Dreadful Rot  Necr/Pois/Air  26%        N/A       6%          2
 Frozen Ramparts          Ice            18%        1d3       19%         3
 Summon Ice Beast         Ice/Summ       12%        N/A       43%         4
 Ice Form                 Ice/Tmut       9%         N/A       52%         4


Dungeon Overview and Level Annotations

Branches:
Dungeon (4/15)             Temple (1/1) D:4

Altars:
Ashenzari
Cheibriados
Dithmenos
Fedhas
Kikubaaqudgha
Makhleb
Okawaru
Uskayaw
Vehumet
Yredelemnul
The Shining One

Shops:
D:1 ?   D:2 *   D:4 [

Annotations:
D:1 Loot behind rock


Message History

The adder is heavily wounded.
You miss something. The adder bites you.
You are poisoned.
The adder poisons you! Something hits you. x2
You closely miss something.
You feel sick. Something hits you but does no damage.
You miss something.
You feel sick.
You hear some strange, mumbled words.
A puff of flame appears from out of thin air!
The puff of flame hits you!
* * * LOW HITPOINT WARNING * * *
Casting: Mephitic Cloud (dangerous; 9% risk of failure)
Confirm with . or Enter, or press ? or * to list all spells.
Aiming: Magic Dart (safe; 1% risk of failure)
Press: ? - help, Shift-Dir - straight line, f - adder
Aim: an adder (heavily wounded, confused, 100% to hit)
The magic dart hits something.
You feel sick. Something hits you but does no damage.
The adder bites something but does no damage.
Unknown command.
Casting: Magic Dart (safe; 1% risk of failure)
Confirm with . or Enter, or press ? or * to list all spells.
Aiming: Magic Dart (safe; 1% risk of failure)
Press: ? - help, Shift-Dir - straight line, f/p - adder
Aim: an adder (heavily wounded, confused, 100% to hit)
The magic dart hits something but does no damage.
You feel sick.
The adder barely misses something.
Something hits you.
* * * LOW HITPOINT WARNING * * *
Unknown command.
Casting: Magic Dart (safe; 1% risk of failure)
Confirm with . or Enter, or press ? or * to list all spells.
Aiming: Magic Dart (safe; 1% risk of failure)
Press: ? - help, Shift-Dir - straight line, f/p - adder
Aim: an adder (heavily wounded, confused, 100% to hit)
The magic dart hits something.
* * * LOW HITPOINT WARNING * * *
You feel sick.
You are no longer poisoned.
Something hits you.
You die...

............
.#.......... ...###
.#.......... .....#...#
##........## #........#
#..........# .........
...........####..S....∩
.......#..##.##....)...
...#...#[....#.>.{..)..
................@).....
#..##..>.......#...#!..
.............###...#
..#..#.##....# #.....
..#.####......##....#)
... ..>......#...## .
.. .............. ...


You could see an adder (confused).

Vanquished Creatures
  An ogre (D:4)
  2 orc priests
  An orc wizard (D:3)
  4 adders
  A worm (D:2)
  8 orcs
  3 bats
  9 endoplasms
  A giant cockroach (D:3)
  6 goblins
  9 hobgoblins
  4 jackals (D:1)
  7 quokkas
  A ball python (D:2)
  4 frilled lizards
  5 kobolds
  9 rats
75 creatures vanquished.

Vanquished Creatures (collateral kills)
  A worm (D:2)
  A kobold (D:2)
2 creatures vanquished.

Grand Total: 77 creatures vanquished

Notes
Turn   | Place    | Note
-------+----------+-------------------------------------------
     0 | D:1      | pokeman the Deep Elf Hedge Wizard began the quest for the
                  | Orb.
     0 | D:1      | Reached XP level 1. HP: 10/10 MP: 7/7
   136 | D:1      | Found Joasausk's Magic Scroll Emporium.
   346 | D:1      | Reached XP level 2. HP: 7/16 MP: 1/9
   884 | D:1      | Reached skill level 5 in Spellcasting
  1322 | D:1      | Reached XP level 3. HP: 20/20 MP: 7/11
  1551 | D:1      | Learned a level 3 spell: Mephitic Cloud
  1554 | D:1      | Learned a level 2 spell: Call Imp
  1557 | D:1      | Learned a level 2 spell: Blink
  1762 | D:2      | Reached skill level 1 in Fighting
  1915 | D:2      | Reached skill level 1 in Armour
  2126 | D:2      | Found Ziorch's General Store.
  2144 | D:2      | Reached XP level 4. HP: 25/25 MP: 9/13
  2196 | D:2      | Bought a scroll of identify for 24 gold pieces
  2580 | D:3      | Found an ancient bone altar of Kikubaaqudgha.
  2812 | D:3      | Found a broken altar of Ashenzari.
  3056 | D:3      | Reached skill level 6 in Spellcasting
  3107 | D:3      | Found a faded altar of an unknown god.
  3391 | D:3      | Reached XP level 5. HP: 24/29 MP: 11/15
  3464 | D:3      | Found a burning altar of Makhleb.
  3668 | D:4      | Found a staircase to the Ecumenical Temple.
  3677 | Temple   | Entered the Ecumenical Temple
  3682 | Temple   | Became a worshipper of Vehumet
  3713 | D:4      | Noticed an ogre
  3716 | D:4      | Found Yxkocwik's Antique Armour Boutique.
  3722 | D:4      | Killed an ogre
  3723 | D:4      | Reached skill level 1 in Air Magic
  3723 | D:4      | Reached skill level 1 in Poison Magic
  3723 | D:4      | Reached skill level 1 in Evocations
  3723 | D:4      | Reached XP level 6. HP: 22/34 MP: 3/17
  3730 | D:4      | HP: 1/34 [poisoned by an adder]
  3730 | D:4      | Slain by an orc wizard

Illustrated notes

Levels and vault maps discovered:
D:1:      mainiacjoe_arrival_reflecting_pool, layout_loops_ring, serial_shops,
          shop, due_unseen_surprise
D:2:      layout_basic, serial_shops, shop
D:3:      layout_rooms, mainiacjoe_overflow_alcove_2,
          mainiacjoe_overflow_24_doors, nicolae_ashenzari_skybound,
          hellmonk_ecumenical_altar_arch_garden
D:4:      layout_cave_pools, old_standard_altar,
          minmay_temple_entry_butterflies, serial_shops, shop
Temple:   hellmonk_temple_micro_hex

Skill      XL: |  1  2  3  4  5 |
---------------+----------------+-----
Spellcasting   | 5 6 |  6.7
Fighting       | 1 |  1.0
Armour         | 1 |  1.0
Conjurations   | 2 3 |  3.0
Dodging        | 3 |  3.0
Stealth        | 3 |  3.0
Air Magic      | 1 |  1.2
Poison Magic   | 1 |  1.1
Evocations     | 1 |  1.1
Summonings     | |  1.1
Translocations | |  1.1

Action                     |  1- 3 |  4- 6 || total
---------------------------+-------+-------++-------
  Melee: Dagger            |    15 |       ||    15
         Hand axe          |       |    14 ||    14
   Cast: Magic Dart        |   120 |    77 ||   197
         Mephitic Cloud    |     2 |     5 ||     7
         Call Imp          |     1 |     2 ||     3
   Stab: Confused          |     2 |     3 ||     5
 Armour: Robe              |     7 |     5 ||    12
  Dodge: Dodged            |    35 |    10 ||    45

Table legend: (Time is in decaauts)
 A = Elapsed time spent in this place.
 B = Non-inter-level travel time spent in this place.
 C = Inter-level travel time spent in this place.
 D = Time resting spent in this place.
 E = Time spent auto-exploring this place.
 F = Levels seen in this place.
 G = Mean time per level.
                   A        B        C        D        E       F      G
               +--------+--------+--------+--------+--------+-----+--------+
         Total |   3735 |   3639 |     96 |    208 |   2884 |   5 |  747.0 |
       Dungeon |   3721 |   3629 |     92 |    208 |   2884 |   4 |  930.2 |
        Temple |     13 |      9 |      4 |      0 |      0 |   1 |   13.0 |
               +--------+--------+--------+--------+--------+-----+--------+

Top non-repeatable levels by time:
     D:1: 1727 daAuts
     D:3: 958 daAuts
     D:2: 892 daAuts
     D:4: 143 daAuts
  Temple: 13 daAuts
